 Dungeon Crawl Stone Soup version 0.29-a0-892-g2c4c91d9db (webtiles) character file.

Game seed: 11902771200562312050

2342 zeratav the Tainter (level 9, -5/62 HPs)
             Began as an Octopode Venom Mage on July 22, 2022.
             Was an Initiate of Gozag.
             Slain by Prince Ribbit (6 damage)
             ... on level 7 of the Dungeon.
             The game lasted 00:13:00 (7791 turns).

zeratav the Tainter (Octopode Venom Mage)           Turns: 7791, Time: 00:13:00

Health: -5/62      AC:  5    Str:  8    XL:     9   Next: 43%
Magic:  7/12       EV: 15    Int: 21    God:    Gozag
Gold:   771        SH:  0    Dex: 12    Spells: 5/12 levels left

rFire   . . .      SeeInvis .   j - +0 dagger (freeze) {short}
rCold   . . .      Faith    .   (no shield)
rNeg    . . .      Spirit   .   (helmet restricted)
rPois   .          Reflect  .   p - amulet of magic regeneration
rElec   .          Harm     .   c - +4 ring of protection
rCorr   .          Rampage  .   (no ring)
Will    .....                   (no ring)
Stlth   ++++......              (no ring)
HPRegen 0.20/turn               (no ring)
MPRegen 0.53/turn               (no ring)
                                (no ring)
                                (no ring)

@: radiating poison
A: almost no armour, amphibious, 8 rings, camouflage 1, gelatinous body 1,
(nimble swimmer 1), tentacles
a: Renounce Religion, Potion Petition, Call Merchant, Bribe Branch


You were on level 7 of the Dungeon.
You worshipped Gozag.
Gozag was pleased with you.
You visited 2 branches of the dungeon, and saw 8 of its levels.

You collected 838 gold pieces.
You paid 67 gold pieces to Gozag.


Innate Abilities, Weirdness & Mutations

You cannot wear most types of armour.
You are amphibious.
You can wear up to eight rings at the same time.
Your skin changes colour to match your surroundings (Stealth+).
Your rubbery body absorbs attacks. (AC +1, EV +1)
((You are camouflaged when in or above water. (Stealth+)))
You have tentacles for arms and can constrict up to eight enemies at once.


   Skills:
 + Level 6.3 Fighting
 + Level 6.7 Dodging
 - Level 5.0 Stealth
 - Level 2.0 Spellcasting
 - Level 1.0 Transmutations
 - Level 10.0 Poison Magic


You had 5 spell levels left.
You knew the following spells:

 Your Spells              Type           Power      Damage    Failure   Level
a - Sting                 Tmut/Pois      100%       1d8       1%          1
b - Poisonous Vapours     Pois/Air       46%        N/A       2%          2
c - Olgreb's Toxic Radia  Pois           44%        N/A       2%          4

Your spell library contained the following spells:

 Spells                   Type           Power      Damage    Failure   Level
 Mephitic Cloud           Conj/Pois/Air  16%        N/A       12%         3
 Apportation              Tloc           4%         N/A       14%         1
 Foxfire                  Conj/Fire      8%         2x1d4     14%         1
 Necrotise                Necr           8%         1d4       14%         1
 Summon Small Mammal      Summ           8%         N/A       14%         1
 Conjure Flame            Conj/Fire      2%         6-21      41%         3
 Inner Flame              Hex/Fire       2%         N/A       41%         3
 Summon Guardian Golem    Hex/Summ       2%         N/A       41%         3
 Flame Wave               Conj/Fire      2%         2d4       82%         4
 Orb of Destruction       Conj           1%         9d5       100%        7
 Spellforged Servitor     Conj/Summ      1%         N/A       100%        7

Inventory:

Hand Weapons
 j - a +0 dagger of freezing (weapon) {short}
   (You took it off a kobold on level 3 of the Dungeon)
Jewellery
 c - a +4 ring of protection (left tentacle)
   (You found it on level 1 of the Dungeon)
 p - an amulet of magic regeneration (around mantle)
   (You found it on level 6 of the Dungeon)
Scrolls
 b - 8 scrolls of identify {unknown}
 e - 2 scrolls of enchant armour {unknown}
 f - 2 scrolls of teleportation {unknown}
 l - a scroll of vulnerability {unknown}
 n - a scroll of poison {unknown}
 t - a scroll of fear {unknown}
Potions
 a - a potion of magic
 d - a potion of lignification {!q}
 g - 2 potions of mutation {unknown}
 h - 2 potions of ambrosia
 i - 2 potions of haste {@q3}
 k - a potion of experience {unknown}
 m - 2 potions of brilliance {unknown}
 o - 2 potions of cancellation {unknown}
 q - a potion of heal wounds {unknown}
 r - a potion of attraction {unknown}
 s - a potion of degeneration {unknown}

Dungeon Overview and Level Annotations

Branches:
Dungeon (7/15) Zot: 26381  Temple (1/1) D:4 Zot: 5987

Altars:
Ashenzari
Fedhas
Gozag
Hepliaklqana
Makhleb
Nemelex Xobeh
Okawaru
Qazlal
Sif Muna
Trog
Uskayaw
Wu Jian
Yredelemnul
Zin
The Shining One

Shops:
D:2 (   D:3 *

Annotations:
D:6 exclusion: 2 downstairs
D:7 Joseph, Prince Ribbit

##......######.##...##
#D##.#... #.##.#.##
#§##.#.# #§D#.#.#
##.#.#.# #§§§#.#
##§.#.# #@.#.#####
##F§......#
#<.##.###.# #..##)#
#..##.# #..##.#
#.....# #...#.#
#.....#


You could see Prince Ribbit (extremely poisoned).


Message History

Your hp is fully restored (62).
Your mp is fully restored (12).
There is a stone staircase leading down here.
You see here a +0 club {mace}.
There is an escape hatch in the ceiling, spattered with blood here.
There is a stone staircase leading down here.
This staircase is marked as excluded!
Enter next level anyway?
You climb downwards.
Level annotation: Joseph, Prince Ribbit
There is a stone staircase leading up here.
Found a stone staircase leading down.
e - 2 scrolls labelled FIMIRGH XATIPRI (gained 1)
Casting: Olgreb's Toxic Radiance (dangerous; 2% risk of failure)
Confirm with . or Enter, or press ? or * to list all spells.
You begin to radiate toxic energy.
The orc priest shouts!
The orc priest is poisoned.
The orc priest looks even sicker.
The orc priest looks braver for a moment.
MP[-4]
You lost 4 mp, and now have 8/12 mp.
The orc priest looks even sicker.
Your toxic aura wanes.
MP[+1]
You hit the orc priest. You freeze the orc priest. You grab the orc priest.
You constrict the orc priest. The orc priest closely misses you.
MP[+1]
You completely miss the orc priest. You constrict the orc priest.
The orc priest barely misses you.
You hit the orc priest but do no damage.
You constrict the orc priest.
You kill the orc priest!
MP[+1] No target in view!
You now have 771 gold pieces (gained 6).
You see here a +0 dagger {short}.
Found a sparkling altar of Nemelex Xobeh.
MP[+1]
Your mp is fully restored (12).
Prince Ribbit is nearby!
Casting: Olgreb's Toxic Radiance (dangerous; 2% risk of failure)
Confirm with . or Enter, or press ? or * to list all spells.
You begin to radiate toxic energy.
Prince Ribbit gives a loud, deep croak!
Prince Ribbit is poisoned.
Prince Ribbit looks even sicker.
A steam dragon comes into view.
MP[-3]
You lost 3 mp, and now have 9/12 mp.
The steam dragon is poisoned.
Your toxic aura wanes.
MP[+1] Prince Ribbit catches a fly with his tongue.
Prince Ribbit blinks!
Casting: Olgreb's Toxic Radiance (dangerous; 2% risk of failure)
Confirm with . or Enter, or press ? or * to list all spells.
You begin to radiate toxic energy.
Prince Ribbit looks even sicker.
Prince Ribbit blinks!
MP[-3]
You lost 3 mp, and now have 7/12 mp.
Prince Ribbit looks as sick as possible!
Prince Ribbit looks as sick as possible!
Your toxic aura wanes.
Prince Ribbit hits you. Prince Ribbit completely misses you.
HP[-6] MP[+1]
You take 6 damage, and now have 56/62 hp.
You miss Prince Ribbit. Your grab misses Prince Ribbit.
Prince Ribbit closely misses you.
You barely miss Prince Ribbit. Your grab misses Prince Ribbit.
Your squeeze misses Prince Ribbit.
Prince Ribbit blinks!
HP[+1] MP[+1]
The steam dragon looks more healthy.
The steam dragon breathes steam at you. The ball of steam hits you!
HP[-17]
You take 17 damage, and now have 40/62 hp.
MASSIVE DAMAGE!! (PAUSE)
You are engulfed in a cloud of scalding steam.
Prince Ribbit completely misses you.
HP[-3] MP[+1]
You take 3 damage, and now have 37/62 hp.
You are engulfed in a cloud of scalding steam.
* * * LOW HITPOINT WARNING * * *
Prince Ribbit barely misses you.
Prince Ribbit blinks!
HP[-8]
You take 8 damage, and now have 29/62 hp.
Prince Ribbit hits you!
* * * LOW HITPOINT WARNING * * *
HP[-10] MP[+1]
You take 10 damage, and now have 19/62 hp.
Casting: Olgreb's Toxic Radiance (dangerous; 2% risk of failure)
Confirm with . or Enter, or press ? or * to list all spells.
You begin to radiate toxic energy.
Prince Ribbit looks as sick as possible!
The steam dragon is poisoned.
Prince Ribbit looks as sick as possible!
The steam dragon breathes steam at you. The ball of steam hits you!!
* * * LOW HITPOINT WARNING * * *
Prince Ribbit hits you.
You die...
Your body crumbles into a pile of gold.

Skill      XL: |  1  2  3  4  5  6  7  8  9 |
---------------+----------------------------+-----
Stealth        | 3 4 5 |  5.0
Poison Magic   | 4 5 7 8 10 | 10.0
Fighting       | 1 5 6 |  6.3
Dodging        | 5 6 |  6.7
Spellcasting   | |  2.0
Transmutations | |  1.0

Action                   |  1- 3 |  4- 6 |  7- 9 || total
-------------------------+-------+-------+-------++-------
Melee: Unarmed           |     5 |    12 |       ||    17
       Dagger            |    70 |    46 |    90 ||   206
       Constrict         |    15 |    10 |    21 ||    46
       Tentacles         |    13 |     4 |    26 ||    43
       Punch             |     1 |       |     1 ||     2
 Cast: Sting             |    21 |    16 |    16 ||    53
       Poisonous Vapours |     3 |    13 |    13 ||    29
       Olgreb's Toxic Ra |       |       |    34 ||    34
  Use: Potion            |       |     4 |     3 ||     7
 Stab: Sleeping          |     9 |     6 |     5 ||    20
Armor: Skin              |    29 |    16 |    25 ||    70
Dodge: Dodged            |    54 |    41 |    90 ||   185

Levels and vault maps discovered:
D:1:      nagdon_arrival_double_spiral, layout_loops_ring,
          hellmonk_ecumenical_altar_lost_god
D:2:      layout_basic, serial_corexii_hall, corexii_hall_statues_u,
          corexii_hall_statues_deadend, serial_shops, nicolae_shop_trees
D:3:      layout_loops_corners, lemuel_tele_altar, serial_shops,
          nicolae_shop_temple_entry_statues_fountains
D:4:      layout_loops_cross, minmay_temple_entry_statues_pillars,
          hangedman_decor_opposing
D:5:      layout_rooms, okawaru_altar_gauntlet_db,
          nicolae_ossuary_entry_false_entrances, uniq_menkaure, uniq_sigmund
D:6:      layout_loops_ring, general_overflow_altar
D:7:      layout_basic, mainiacjoe_overflow_large_starburst,
          uniq_crazy_yiuf_cottage, uniq_joseph, uniq_prince_ribbit1
Temple:   hellmonk_temple_two_chambers

Notes
Turn   | Place    | Note
-------+----------+-------------------------------------------
     0 | D:1      | zeratav the Octopode Venom Mage began the quest for the
                  | Orb.
     0 | D:1      | Reached XP level 1. HP: 11/11 MP: 3/3
     0 | D:1      | magus.rc [v1.9.6]
   184 | D:1      | Found a faded altar of an unknown god.
   335 | D:1      | Reached skill level 3 in Stealth
   421 | D:1      | Reached XP level 2. HP: 17/17 MP: 5/5
   468 | D:1      | Reached skill level 4 in Poison Magic
   802 | D:2      | Found Masaoq's Weapon Emporium.
   865 | D:2      | You pick up a book of Cantrips and begin reading...
   865 | D:2      | You add the spells Necrotise, Summon Small Mammal and
                  | Apportation to your library.
  1030 | D:2      | You pick up a book of Flames and begin reading...
  1030 | D:2      | You add the spells Foxfire, Conjure Flame, Inner Flame and
                  | Flame Wave to your library.
  1034 | D:2      | Learned a level 2 spell: Poisonous Vapours
  1082 | D:2      | Reached XP level 3. HP: 21/21 MP: 6/6
  1106 | D:2      | Reached skill level 4 in Stealth
  1983 | D:3      | Found Xageall's General Store.
  2265 | D:3      | Reached XP level 4. HP: 25/27 MP: 7/7
  2308 | D:3      | Found a broken altar of Ashenzari.
  2363 | D:3      | Reached skill level 5 in Stealth
  2363 | D:3      | Reached skill level 5 in Poison Magic
  2598 | D:3      | You pick up a book of Dangerous Friends and begin
                  | reading...
  2598 | D:3      | You add the spells Summon Guardian Golem, Orb of
                  | Destruction and Spellforged Servitor to your library.
  3028 | D:4      | Reached XP level 5. HP: 31/31 MP: 8/8
  3103 | D:4      | Found a staircase to the Ecumenical Temple.
  3119 | Temple   | Entered the Ecumenical Temple
  3125 | Temple   | Became a worshipper of Gozag Ym Sagoz the Greedy
  3286 | D:4      | Noticed a kobold brigand
  3300 | D:4      | HP: 7/31 [kobold brigand/+0 short sword (3)]
  3302 | D:4      | HP: 1/31 [kobold brigand/+0 short sword (3)]
  3303 | D:4      | Killed a kobold brigand
  3304 | D:4      | Reached skill level 6 in Poison Magic
  4024 | D:5      | Entered Level 5 of the Dungeon
  4024 | D:5      | Noticed an ogre
  4026 | D:5      | Noticed an ice beast
  4031 | D:5      | HP: 5/31 [ogre/+0 giant club (9)]
  4047 | D:5      | Killed an ogre
  4048 | D:5      | Reached skill level 7 in Poison Magic
  4048 | D:5      | Reached XP level 6. HP: 33/36 MP: 0/9
  4050 | D:5      | magus.rc [v1.9.6]
  4058 | D:5      | Killed an ice beast
  4059 | D:5      | Reached skill level 8 in Poison Magic
  4157 | D:5      | Reached XP level 7. HP: 13/41 MP: 3/10
  4442 | D:5      | Learned a level 4 spell: Olgreb's Toxic Radiance
  4448 | D:5      | Reached skill level 9 in Poison Magic
  4560 | D:5      | Noticed Menkaure
  4571 | D:5      | HP: 9/41 [??? (7)]
  4573 | D:5      | HP: 2/41 [Menkaure/nerve-wracking pain (7)]
  4578 | D:5      | Killed Menkaure
  5062 | D:5      | Noticed Sigmund
  5065 | D:5      | Reached skill level 10 in Poison Magic
  5133 | D:5      | Killed Sigmund
  5134 | D:5      | Reached skill level 1 in Fighting
  5134 | D:5      | Reached XP level 8. HP: 50/50 MP: 2/11
  5192 | D:5      | HP: 7/50 [water moccasin (7)]
  5196 | D:5      | Reached skill level 2 in Fighting
  5196 | D:5      | Reached skill level 3 in Dodging
  5987 | D:5      | Found an iron altar of Okawaru.
  6078 | D:6      | Reached skill level 3 in Fighting
  6203 | D:6      | Reached skill level 4 in Dodging
  6258 | D:6      | Found a shimmering blue altar of Sif Muna.
  6425 | D:6      | Reached skill level 4 in Fighting
  6427 | D:6      | Reached skill level 5 in Dodging
  6912 | D:6      | Reached skill level 5 in Fighting
  6912 | D:6      | Reached XP level 9. HP: 54/61 MP: 12/12
  7176 | D:7      | Noticed Joseph
  7223 | D:6      | Reached skill level 6 in Dodging
  7254 | D:7      | Noticed Prince Ribbit
  7367 | D:7      | Reached skill level 6 in Fighting
  7775 | D:7      | Found a sparkling altar of Nemelex Xobeh.
  7791 | D:7      | HP: 1/62 [something/ball of steam (19)]
  7791 | D:7      | Slain by Prince Ribbit

Vanquished Creatures
  Sigmund (D:5)
  Menkaure (D:5)
  3 water moccasins
  An orc warrior (D:6)
  An ice beast (D:5)
  A sky beast (D:6)
  2 ogres
  A kobold brigand (D:4)
  A necrophage (D:6)
  3 scorpions
  A bullfrog (D:6)
  A gnoll sergeant (D:6)
  5 killer bees (D:7)
  4 hounds
  A jelly (D:6)
  4 orc priests
  An iguana (D:5)
  6 orc wizards
  6 gnolls
  3 adders
  A shadow imp (D:7)
  An ufetubus (D:4)
  A worm (D:2)
  3 dart slugs
  23 orcs
  6 endoplasms
  A giant cockroach (D:4)
  7 goblins
  5 hobgoblins
  8 jackals
  3 quokkas
  3 ball pythons
  11 bats
  4 frilled lizards
  12 kobolds
  7 rats
143 creatures vanquished.

Vanquished Creatures (others)
  7 toadstools (D:1)
7 creatures vanquished.

Grand Total: 150 creatures vanquished

Table legend:
 A = Non-vault XP
 B = Vault XP
 C = Vault XP percentage of total XP
 D = Non-vault monster count
 E = Vault monster count
 F = Vault count percentage of total count
                 A         B        C        D         E       F
            +---------+---------+-------+---------+---------+-------
      Total |    2908 |     439 |  13.1 |     135 |       8 |   5.6
            +---------+---------+-------+---------+---------+-------
        D:1 |      15 |       0 |   0.0 |      11 |       0 |   0.0
        D:2 |      47 |       0 |   0.0 |      26 |       0 |   0.0
        D:3 |      85 |       0 |   0.0 |      20 |       0 |   0.0
        D:4 |     159 |       0 |   0.0 |      14 |       0 |   0.0
        D:5 |     761 |     439 |  36.6 |      22 |       8 |  26.7
        D:6 |    1273 |       0 |   0.0 |      29 |       0 |   0.0
        D:7 |     568 |       0 |   0.0 |      13 |       0 |   0.0
            +---------+---------+-------+---------+---------+-------

Illustrated notes

Table legend:
 A = Kills in this place as a percentage of kills in entire the game.
 B = Kills by you in this place as a percentage of kills by you in the entire game.
 C = Kills by friends in this place as a percentage of kills by friends in the entire game.
 D = Other kills in this place as a percentage of other kills in the entire game.
 E = Experience gained in this place as a percentage of experience gained in the entire game.
 F = Experience gained in this place divided by the number of levels of this place that you have seen.
                   A       B       C       D       E      F
               +-------+-------+-------+-------+-------+----------------------
         Total | 100.0 | 100.0 |   N/A |   N/A | 100.0 | 418.4
       Dungeon | 100.0 | 100.0 |   N/A |   N/A | 100.0 | 478.1
               +-------+-------+-------+-------+-------+----------------------

Table legend: (Time is in decaauts)
 A = Elapsed time spent in this place.
 B = Non-inter-level travel time spent in this place.
 C = Inter-level travel time spent in this place.
 D = Time resting spent in this place.
 E = Time spent auto-exploring this place.
 F = Levels seen in this place.
 G = Mean time per level.
                   A        B        C        D        E       F      G
               +--------+--------+--------+--------+--------+-----+--------+
         Total |   7759 |   7350 |    409 |   1024 |   5325 |   8 |  969.9 |
       Dungeon |   7747 |   7349 |    398 |   1024 |   5325 |   7 | 1106.7 |
        Temple |     12 |      1 |     11 |      0 |      0 |   1 |   12.0 |
               +--------+--------+--------+--------+--------+-----+--------+

Top non-repeatable levels by time:
     D:5: 1796 daAuts
     D:6: 1594 daAuts
     D:4: 1275 daAuts
     D:3: 1166 daAuts
     D:2: 986 daAuts
     D:1: 798 daAuts
     D:7: 129 daAuts
  Temple: 12 daAuts
